 Dungeon Crawl Stone Soup version 0.27-a0-1081-ge8a0a9c698 (webtiles) character file.

Game seed: 6931808840615431552

26 shoop the Chopper (level 3, 33/33 HPs)
             Began as a Hill Orc Monk on Apr 25, 2021.
             Got out of the dungeon alive.
             The game lasted 00:01:18 (893 turns).

shoop the Chopper (Hill Orc Monk)                    Turns: 893, Time: 00:01:19

Health: 33/33      AC:  3    Str: 14    XL:     3   Next: 8%
Magic:  3/3        EV: 12    Int: 10    God:
Gold:   34         SH:  0    Dex: 13    Spells: 2/2 levels left

rFire    . . .     SeeInvis .   a - +0 hand axe
rCold    . . .     Faith    .   (no shield)
rNeg     . . .     Spirit   .   g - +0 leather armour
rPois    .         Reflect  .   (no helmet)
rElec    .         Harm     .   (no cloak)
rCorr    .         Rampage  .   (no gloves)
Will     .....                  (no boots)
Stlth    ++........             (no amulet)
HPRegen  0.11/turn              (no ring)
MPRegen  0.08/turn              (no ring)

@: no status effects
A: no striking features
a: no special abilities


You escaped.
You visited 1 branch of the dungeon, and saw 1 of its levels.

You collected 34 gold pieces.

Inventory:

Hand Weapons
 a - a +0 hand axe (weapon)
Armour
 b - a +0 robe
 g - a +0 leather armour (worn)
Scrolls
 c - 4 scrolls of identify {unknown}
 e - a scroll of fog {unknown}
Potions
 d - a potion of attraction {unknown}
 f - a potion of lignification {unknown}
 h - 2 potions of curing {unknown}


   Skills:
 + Level 4.1 Fighting
 * Level 5.1 Axes
 - Level 2.4 Dodging
 - Level 1.5 Stealth


You had 2 spell levels left.
You didn't know any spells.
Your spell library was empty.

Dungeon Overview and Level Annotations

Branches:
Dungeon (1/15)

Altars:


Message History

No target in view!
No target in view!
No target in view!
No target in view!
No target in view!
No target in view!
No target in view!
No target in view!
No target in view!
No target in view!
The bat closely misses you.
A bat is nearby!
The bat hits you but does no damage. The bat hits you but does no damage.
The bat closely misses you.
The bat hits you but does no damage. x2; The bat closely misses you.
You hit the bat but do no damage. The bat closely misses you.
The bat hits you but does no damage.
You hit the bat.
The bat is moderately wounded.
The bat hits you. The bat misses you.
You barely miss the bat.
The bat is moderately wounded.
The bat hits you but does no damage. The bat completely misses you.
You barely miss the bat.
The bat is moderately wounded.
The bat hits you. The bat hits you but does no damage. The bat misses you.
You hit the bat.
You kill the bat!
No target in view!
No target in view!
(D) Dungeon
Where to? (Enter - D:1 @ (x,y), ? - help)
There is an open door here.
There is a staircase leading out of the dungeon here.
Are you sure you want to leave the Dungeon?
This will make you lose the game!
You have escaped!

#....#........#.......###.##.#.#.
#......#####.####.......#..#.#.##
......####...###...............#
...........##..........##).....#
###รท#.######...........##......#
..........##.++++++....##......#
.............+....+............##
..........##.+....+....##.)......
..........##.+..@.'....##...#####
..........##.+....+...#####.# #
..........##.++++++..## #.#
..........##........## ###
..........#..########
######.###.## #.


There were no monsters in sight!

Vanquished Creatures
  A dart slug (D:1)
  4 ball pythons (D:1)
  4 endoplasms (D:1)
  2 giant cockroaches (D:1)
  4 goblins (D:1)
  3 hobgoblins (D:1)
  A bat (D:1)
  A kobold (D:1)
  A rat (D:1)
21 creatures vanquished.

Notes
Turn   | Place    | Note
-------+----------+-------------------------------------------
     0 | D:1      | shoop the Hill Orc Monk began the quest for the Orb.
     0 | D:1      | Reached XP level 1. HP: 19/19 MP: 1/1
   166 | D:1      | Reached XP level 2. HP: 13/27 MP: 2/2
   750 | D:1      | Reached skill level 5 in Axes
   769 | D:1      | Found a faded altar of an unknown god.
   819 | D:1      | Reached XP level 3. HP: 32/33 MP: 3/3
   893 | D:$      | Got out of the dungeon alive.

Illustrated notes

Levels and vault maps discovered:
D:1:      lightli_arrival_maybe_door_vault, layout_rooms,
          shapermc_ecumenical_altar_notcrosses

Skill      XL: |  1  2 |
---------------+-------+-----
Fighting       | 4 |  4.1
Axes           | 5 |  5.1
Dodging        | |  2.4
Stealth        | |  1.5

Action                   || total
-------------------------++-------
Melee: Hand axe          ||    64
Armor: Robe              ||     9
       Leather armour    ||    13
Dodge: Dodged            ||    60

Table legend: (Time is in decaauts)
 A = Elapsed time spent in this place.
 B = Non-inter-level travel time spent in this place.
 C = Inter-level travel time spent in this place.
 D = Time resting spent in this place.
 E = Time spent auto-exploring this place.
 F = Levels seen in this place.
 G = Mean time per level.
                   A        B        C        D        E       F      G
               +--------+--------+--------+--------+--------+-----+--------+
         Total |    897 |    859 |     38 |      0 |    706 |   1 |  897.0 |
       Dungeon |    897 |    859 |     38 |      0 |    706 |   1 |  897.0 |
               +--------+--------+--------+--------+--------+-----+--------+

Top non-repeatable levels by time:
     D:1: 897 daAuts
